 Dungeon Crawl Stone Soup version 0.20.1-1-g8b1a95d (webtiles) character file.

287 Phantomfrettchen the Insei (level 6, 0/38 HPs)
             Began as an Octopode Transmuter on Oct 7, 2017.
             Slain by Andry07's ghost (10 damage)
             ... on level 3 of the Dungeon.
             The game lasted 00:11:19 (2808 turns).

Phantomfrettchen the Insei (Octopode Transmuter)    Turns: 2808, Time: 00:11:20

Health: 0/38       AC:  1    Str: 10    XL:     6   Next: 30%
Magic:  3/10       EV: 14    Int: 15    God:
Gold:   129        SH:  4    Dex: 14    Spells: 8/11 levels left

rFire    . . .     SeeInvis .     - Unarmed
rCold    . . .     Gourm    .   (no shield)
rNeg     . . .     Faith    .   (helmet restricted)
rPois    .         Spirit   .   (no amulet)
rElec    .         Reflect  .   (no ring)
rCorr    .         Harm     .   (no ring)
MR       .....                  (no ring)
Stlth    +++.......             (no ring)
Regen    0.2/turn               (no ring)
MPRegen  0.2/turn               (no ring)
                                (no ring)
                                (no ring)

@: no status effects
A: almost no armour, stealthy swim, amphibious, 8 rings, constrict 8, tentacle
spike 1, large bone plates 1, camouflage 1, gelatinous body 1
a: no special abilities


You were on level 3 of the Dungeon.
You were hungry.

You visited 1 branch of the dungeon, and saw 3 of its levels.

You collected 129 gold pieces.

Inventory:

Missiles
 a - 17 arrows
 g - 31 sling bullets
 h - 64 bolts
 k - 11 poisoned needles
 l - 43 stones (quivered)
Armour
 p - a +0 buckler
Scrolls
 d - a scroll of recharging {unknown}
 e - a scroll of amnesia {unknown}
 j - a scroll of blinking {unknown}
 m - 3 scrolls of identify {unknown}
 o - a scroll of enchant armour {unknown}
Books
 b - a book of Changes

   Spells                             Type                      Level
   a - Beastly Appendage              Transmutation                1
   b - Sticks to Snakes               Transmutation                2
   c - Spider Form                    Transmutation/Poison         3
   d - Ice Form                       Ice/Transmutation            4
   e - Blade Hands                    Transmutation                5
Comestibles
 c - 2 bread rations
 f - 2 royal jellies
 i - 2 chunks of flesh


   Skills:
 - Level 1.0 Fighting
 - Level 2.4 Throwing
 + Level 3.1 Dodging
 - Level 2.0 Stealth
 - Level 4.2 Unarmed Combat
 + Level 3.0 Spellcasting
 + Level 2.9 Transmutations


You had 8 spell levels left.
You knew the following spells:

 Your Spells              Type           Power        Failure   Level  Hunger
a - Beastly Appendage     Tmut           ##....       6%          1    #......
b - Sticks to Snakes      Tmut           ##......     9%          2    ##.....


Dungeon Overview and Level Annotations

Branches:
Dungeon (3/15)

Altars:
Dithmenos
Makhleb
Nemelex Xobeh
Ru
Trog
Vehumet

Annotations:
D:3 Andry07's ghost, amateur GrFi


Innate Abilities, Weirdness & Mutations

You cannot wear most types of armour.
You are very stealthy in the water. (Stealth+)
You are amphibious.
You can wear up to eight rings at the same time.
You can use your tentacles to constrict eight enemies at once.
Your skin changes colour to match your surroundings (Stealth+).
Your rubbery body absorbs attacks. (AC +1, EV +1)
One of your tentacles bears a spike.
You are partially covered in large bone plates. (SH +4)


Message History

You tentacle-slap Andry07's ghost.
Andry07's ghost is severely damaged.
Andry07's ghost hits you.
You tentacle-slap Andry07's ghost.
Your tentacle spike misses Andry07's ghost.
Your squeeze misses Andry07's ghost.
Andry07's ghost is severely damaged.
Andry07's ghost closely misses you.
You closely miss Andry07's ghost.
You squeeze Andry07's ghost, but do no damage.
Andry07's ghost is severely damaged.
Andry07's ghost barely misses you.
You closely miss Andry07's ghost.
Andry07's ghost is severely damaged.
Andry07's ghost hits you!
* * * LOW HITPOINT WARNING * * *
You tentacle-slap Andry07's ghost but do no damage.
Andry07's ghost is severely damaged.
Andry07's ghost hits you!
You die...

####.# #.#
############...# #.#
#......÷.÷...#)# #.#
### #.#########..#.#
#.###... #).#.#
#.##.... #..#.#
#####.#....$ #..#.#
##.##........
#..#.####.......)....
#...@Wb.......###?)..
#....##.......# ##...
........##.#####.#
#.# .........##.# #.#
.# #.######..##.# #.#
.# # #..##.# #.# #
......# #.# #.###..
..#


You could see Andry07's ghost and a bat.

Vanquished Creatures
  A sky beast (D:3)
  Crazy Yiuf (D:2)
  Natasha (thrice) (D:2)
  Terence (D:2)
  An adder (D:3)
  3 worms (D:2)
  2 dart slugs (D:1)
  2 leopard geckos
  2 orcs (D:3)
  4 bats
  A giant cockroach (D:2)
  4 goblins
  3 hobgoblins
  2 jackals (D:2)
  4 quokkas
  5 frilled lizards
  4 kobolds
  8 rats
  A plant (D:1)
52 creatures vanquished.

Vanquished Creatures (others)
  4 toadstools (D:1)
4 creatures vanquished.

Grand Total: 56 creatures vanquished

Notes
Turn   | Place    | Note
-------+----------+-------------------------------------------
     0 | D:1      | Phantomfrettchen the Octopode Transmuter began the quest for the Orb.
     0 | D:1      | Reached XP level 1. HP: 13/13 MP: 3/3
   192 | D:1      | Reached XP level 2. HP: 14/18 MP: 5/5
   986 | D:2      | Noticed Natasha
   997 | D:2      | Killed Natasha
   997 | D:2      | Reached skill level 4 in Unarmed Combat
   997 | D:2      | Reached XP level 3. HP: 21/23 MP: 4/6
  1055 | D:2      | Noticed Natasha
  1067 | D:2      | Killed Natasha
  1067 | D:2      | Reached skill level 1 in Stealth
  1067 | D:2      | Reached XP level 4. HP: 3/28 MP: 4/7
  1472 | D:2      | Found a shadowy altar of Dithmenos.
  1472 | D:2      | Found a sacrificial altar of Ru.
  1473 | D:2      | Found a burning altar of Makhleb.
  1484 | D:2      | Found a bloodstained altar of Trog.
  1651 | D:2      | Reached skill level 1 in Throwing
  1687 | D:2      | Noticed Natasha
  1698 | D:2      | Killed Natasha
  1698 | D:2      | Reached XP level 5. HP: 15/33 MP: 8/8
  1925 | D:2      | Found a radiant altar of Vehumet.
  1925 | D:2      | Found a sparkling altar of Nemelex Xobeh.
  1989 | D:2      | Noticed Terence
  1996 | D:2      | Killed Terence
  2030 | D:2      | Found a runed door.
  2060 | D:2      | Learned a level 2 spell: Sticks to Snakes
  2064 | D:2      | Noticed Crazy Yiuf
  2072 | D:2      | Killed Crazy Yiuf
  2455 | D:3      | Noticed a sky beast
  2475 | D:3      | Killed a sky beast
  2475 | D:3      | Reached XP level 6. HP: 10/38 MP: 8/10
  2480 | D:3      | Gained mutation: You are frail. (-10% HP) [mutagenic meat]
  2481 | D:3      | Gained mutation: One of your tentacles bears a spike. [mutagenic meat]
  2482 | D:3      | Gained mutation: You are partially covered in large bone plates. (SH +4) [mutagenic meat]
  2483 | D:3      | Lost mutation: You are frail. (-10% HP) [mutagenic meat]
  2763 | D:3      | Noticed Andry07's ghost (amateur GrFi)
  2808 | D:3      | Slain by Andry07's ghost

Skill      XL: |  1  2  3  4  5  6 |
---------------+-------------------+-----
Unarmed Combat | 4 |  4.2
Stealth        | 1 2 |  2.0
Throwing       | 1 2 |  2.4
Dodging        | 3 |  3.1
Spellcasting   | 3 |  3.0
Fighting       | |  1.0
Transmutations | |  2.9

Action                   |  1- 3 |  4- 6 || total
-------------------------+-------+-------++-------
Melee: Unarmed           |    79 |   111 ||   190
       Constrict         |    13 |    19 ||    32
       Tentacles         |     9 |    12 ||    21
       Kick              |    12 |    22 ||    34
       Punch             |     5 |     3 ||     8
       Quarterstaff      |       |     1 ||     1
Throw: Stone             |       |    11 ||    11
 Cast: Beastly Appendage |     4 |    10 ||    14
       Sticks to Snakes  |       |     6 ||     6
  Use: Potion            |       |     3 ||     3
 Stab: Sleeping          |     3 |     4 ||     7
  Eat: Chunk             |     1 |     9 ||    10
Armor: Skin              |     7 |     7 ||    14
Dodge: Dodged            |    38 |    80 ||   118
Block: Other             |       |    12 ||    12
